 Dungeon Crawl Stone Soup version 0.30-a0-469-g84de5afbc5 (webtiles) character file.

Game seed: 15620320785217081470

226 Zonian the Ducker (level 6, -7/40 HPs)
             Began as a Djinni Ice Elementalist on Dec 19, 2022.
             Killed by nerve-wracking pain
             ... invoked by an orc priest
              (12 damage)
             ... on level 4 of the Dungeon.
             The game lasted 00:05:09 (3501 turns).

Zonian the Ducker (Djinni Ice Elementalist)         Turns: 3501, Time: 00:05:09

Health: -7/40      AC:  7    Str:  7    XL:     6   Next: 21%
Gold:   116        EV: 13    Int: 19    God:
                   SH:  0    Dex: 13

rFire   + + .      SeeInvis .    q - +2 dagger (speed)
rCold   x . .      Faith    .    (no shield)
rNeg    . . .      Spirit   .    a - +1 robe
rPois   ∞          Reflect  .    t - +0 helmet
rElec   .          Harm     .    i - +1 cloak
rCorr   .          Rampage  .    o - +0 pair of gloves
Will    .....                    (boots unavailable)
Stlth   ++........               (no amulet)
HPRegen 0.26/turn                (no ring)
MPRegen 0.00/turn                (no ring)

@: freezing walls, flying
A: sickness immunity, fire resistance 2, cold vulnerability 1, float, innate
caster, HP casting, extra vitality 1
a: no special abilities


You were on level 4 of the Dungeon.
You visited 1 branch of the dungeon, and saw 4 of its levels.

You collected 116 gold pieces.

Inventory:

Hand Weapons
 m - a +0 sling
 p - a +0 dagger
 q - a +2 dagger of speed (weapon)
Armour
 a - a +1 robe (worn)
 i - a +1 cloak (worn)
 o - a +0 pair of gloves (worn)
 t - a +0 helmet (worn)
Jewellery
 j - a ring of fire
Scrolls
 d - a scroll of vulnerability {unknown}
 e - 2 scrolls of magic mapping
 f - 2 scrolls of enchant armour
 g - 2 scrolls of teleportation {unknown}
 k - 2 scrolls of fear {unknown}
 s - a scroll of enchant weapon {unknown}
 v - 2 scrolls of amnesia
Potions
 b - 7 potions of curing
 h - a potion of heal wounds
 l - a potion of attraction {unknown}
 n - 2 potions of berserk rage {unknown}
 r - a potion of mutation {unknown}
 u - a potion of ambrosia {unknown}


   Skills:
 + Level 4.2 Dodging
 + Level 3.3 Stealth
 + Level 4.1 Spellcasting


You couldn't memorise any spells.
You knew the following spells:

 Your Spells              Type           Power      Damage    Failure   Level
a - Freeze                Ice            76%        1d8       2%          1
b - Frozen Ramparts       Ice            38%        1d6       8%          3
c - Ozocubu's Armour      Ice            19%        N/A       8%          3
d - Summon Ice Beast      Ice/Summ       19%        N/A       24%         4
e - Beastly Appendage     Tmut           38%        N/A       2%          1
f - Call Imp              Summ           19%        N/A       3%          2
Your spell library was empty.

Dungeon Overview and Level Annotations

Branches:
Dungeon (4/15)
 Temple: D:4-7

Altars:


Innate Abilities, Weirdness & Mutations

You are immune to sickness and miasma.
You are immune to poison.
Your flesh is very heat resistant. (rF++)
You are vulnerable to cold. (rC-)
You float through the air rather than walking.
You learn spells naturally, not from books.
Your magical power is your life essence.
You have superior vitality. (+4 MHP)


Message History

The orc priest misses you.
You bump into the rock wall.
You feel less confused.
The orc priest hits you but does no damage.
You barely miss the orc priest.
The orc priest is heavily wounded.
You barely miss the orc priest.
The orc priest is heavily wounded.
The orc priest hits you but does no damage.
You completely miss the orc priest.
The orc priest is heavily wounded.
The orc priest mumbles some strange prayers to Beogh against you.
Pain shoots through your body!
You hit the orc priest but do no damage.
The orc priest is heavily wounded.
You hit the orc priest.
The orc priest is heavily wounded.
The orc priest hits you but does no damage.
Casting: Frozen Ramparts (dangerous; 8% risk of failure)
Confirm with . or Enter, or press ? or * to list all spells.
Casting: Frozen Ramparts (dangerous; 8% risk of failure)
Press: ? - help, Dir - look around, f - activate A stone staircase leading up.
The walls around you are covered in ice.
The wall freezes the orc priest but does no damage.
The orc priest mumbles some strange prayers to Beogh against you.
Pain shoots through your body!
* * * LOW HITPOINT WARNING * * *
You hit the orc priest but do no damage.
The orc priest is heavily wounded.
The wall freezes the orc priest.
The orc priest hits you but does no damage.
You hit the orc priest.
The orc priest is almost dead.
You hit the orc priest.
The orc priest is almost dead.
The wall freezes the orc priest but does no damage.
The orc priest mumbles some strange prayers to Beogh against you.
Pain shoots through your body!
You die...

### .o# #@# #o#
#o### #.# #)).#
#.# #...# # #.# #
#...#.# #.#S##.#
#.....#.#.#o...#
##..........#..#..
.....#..(<......
#.#....#######.g


You could see an orc priest.

Vanquished Creatures
  A scorpion (D:3)
  A hound (D:3)
  An orc priest (D:3)
  An orc wizard (D:4)
  4 adders
  2 worms
  2 dart slugs
  2 orcs (D:4)
  4 ball pythons
  4 endoplasms
  A giant cockroach (D:1)
  3 goblins
  4 hobgoblins (D:1)
  A quokka (D:2)
  7 bats
  4 frilled lizards
  A kobold (D:1)
  5 rats
48 creatures vanquished.

Notes
Turn   | Place    | Note
-------+----------+-------------------------------------------
     0 | D:1      | Zonian the Djinni Ice Elementalist began the quest for the
                  | Orb.
     0 | D:1      | Zonian set off with the following spells memorised: Freeze,
                  | Frozen Ramparts, Ozocubu's Armour, Summon Ice Beast.
     0 | D:1      | Reached XP level 1. HP: 15/15 MP: 0/0
   506 | D:1      | Reached XP level 2. HP: 11/21 MP: 0/0
   667 | D:1      | Found a faded altar of an unknown god.
  1130 | D:2      | Reached XP level 3. HP: 22/25 MP: 0/0
  1130 | D:2      | Learned a level 1 spell: Beastly Appendage
  2225 | D:3      | Noticed a scorpion
  2228 | D:3      | Killed a scorpion
  2229 | D:3      | Reached XP level 4. HP: 28/31 MP: 0/0
  2229 | D:3      | Reached XP level 5. HP: 32/35 MP: 0/0
  2229 | D:3      | Learned a level 2 spell: Call Imp
  3179 | D:3      | Reached XP level 6. HP: 35/40 MP: 0/0
  3501 | D:4      | Killed from afar by an orc priest

Illustrated notes

Levels and vault maps discovered:
D:1:      matt_arrival_los_fun, layout_rooms,
          shapermc_ecumenical_altar_mp_highgroup, minmay_crystal_water
D:2:      layout_basic
D:3:      layout_basic
D:4:      layout_basic, mainiacjoe_overflow_chevrons,
          nicolae_overflow_hallway_of_the_gods, lemuel_coloured_pillars_altar,
          serial_shops, nicolae_shop_crystal, uniq_edmund

Skill      XL: |  1  2  3  4  5 |
---------------+----------------+-----
Stealth        | 2 3 |  3.3
Dodging        | 3 4 |  4.2
Spellcasting   | 4 |  4.1

Action                   |  1- 3 |  4- 6 || total
-------------------------+-------+-------++-------
Melee: Unarmed           |    20 |       ||    20
       Dagger            |    10 |    35 ||    45
       Punch             |     1 |       ||     1
       Headbutt          |       |     2 ||     2
 Cast: Freeze            |    57 |     7 ||    64
       Beastly Appendage |       |     3 ||     3
       Frozen Ramparts   |       |     2 ||     2
  Use: Scroll            |     2 |     3 ||     5
 Stab: Sleeping          |     1 |     4 ||     5
Armor: Robe              |    19 |    18 ||    37
Dodge: Dodged            |    44 |    15 ||    59

Table legend: (Time is in decaauts)
 A = Elapsed time spent in this place.
 B = Non-inter-level travel time spent in this place.
 C = Inter-level travel time spent in this place.
 D = Time resting spent in this place.
 E = Time spent auto-exploring this place.
 F = Levels seen in this place.
 G = Mean time per level.
                   A        B        C        D        E       F      G
               +--------+--------+--------+--------+--------+-----+--------+
         Total |   3487 |   3352 |    135 |   1230 |   1607 |   4 |  871.8 |
       Dungeon |   3487 |   3352 |    135 |   1230 |   1607 |   4 |  871.8 |
               +--------+--------+--------+--------+--------+-----+--------+

Top non-repeatable levels by time:
     D:3: 1228 daAuts
     D:2: 1199 daAuts
     D:1: 1024 daAuts
     D:4: 35 daAuts
